[Event "46th GER-ch Rapid 2020"]
[Site "Plochingen"]
[Date "2020.09.20"]
[Round "8.8"]
[White "Muranyi, Karl-Jasmin"]
[Black "Petkidis, Anthony"]
[Result "1-0"]
[ECO "A45"]
[WhiteElo "2331"]
[BlackElo "2406"]
[Annotator "ChessBase"]
[PlyCount "145"]
[EventDate "2020.09.19"]
[EventType "swiss"]
[EventCountry "GER"]
[SourceTitle "playchess.com"]
[Source "ChessBase"]
[SourceQuality "1"]
[TimeControl "900+10"]

1. d4 Nf6 2. c3 b6 3. Bf4 Bb7 4. Nd2 e6 5. e3 Be7 6. h3 O-O 7. Ngf3 c5 8. Be2 d6 9. O-O Nbd7 10. a4 a6 11. Bh2 Ne4 12. Nxe4 Bxe4 13. Nd2 Bc6 14. Bd3 b5 15. axb5 axb5 16. Qe2 Qb6 17. Bg3 d5 18. f4 f5 19. Nf3 c4 20. Bc2 b4 21. Rfb1 Rxa1 22. Rxa1 b3 23. Bd1 Ra8 24. Rb1 Ra2 25. Qd2 Nf6 26. Bh4 Ne4 27. Qe1 Bf8 28. Ng5 Bb7 29. Nxe4 dxe4 30. g4 Bd5 31. Be2 Qa5 32. Qf1 Qa4 33. Kf2 Kf7 34. Qg1 Qd7 35. gxf5 exf5 36. Qg5 h6 37. Qg1 Be7 38. Bxe7 Qxe7 39. Qg3 Qf6 40. h4 Kf8 41. Kg2 Qa6 42. Qe1 g6 43. Kh3 Kf7 44. Qg1 Qf6 45. Qf1 Qe6 46. Qg1 Qf6 47. Qg3 Ke7 48. h5 gxh5 49. Bxh5 Ra8 50. Rg1 Rg8 51. Qe1 Rxg1 52. Qxg1 Bf7 53. Be2 Qa6 54. Qe1 Kf8 55. Qd1 Qa2 56. Qc1 Ke7 57. Kg3 Qa6 58. Qh1 Kf8 59. Kf2 Qf6 60. Qh3 Kg7 61. Bh5 Be6 62. Qg3+ Kh7 63. Kg2 Bf7 64. Bxf7 Qxf7 65. Qh4 Qg6+ 66. Kf2 Qg4 67. Qxg4 fxg4 68. Kg3 h5 69. f5 Kg7 70. d5 Kf6 71. d6 Kf7 72. Kf4 Ke8 73. f6 1-0

[Event "46th GER-ch Rapid 2020"]
[Site "Plochingen"]
[Date "2020.09.20"]
[Round "8.9"]
[White "Schwarz, Frank"]
[Black "Schmaltz, Roland"]
[Result "0-1"]
[ECO "A36"]
[WhiteElo "2231"]
[BlackElo "2449"]
[Annotator "ChessBase"]
[PlyCount "140"]
[EventDate "2020.09.19"]
[EventType "swiss"]
[EventCountry "GER"]
[SourceTitle "playchess.com"]
[Source "ChessBase"]
[SourceQuality "1"]
[TimeControl "900+10"]

1. c4 g6 2. g3 Bg7 3. Bg2 c5 4. Nc3 Nc6 5. e3 e6 6. Nge2 Nge7 7. O-O O-O 8. a3 d6 9. Rb1 b6 10. d3 Bb7 11. b4 Qd7 12. b5 Na5 13. e4 d5 14. cxd5 exd5 15. Bg5 d4 16. Bxe7 Qxe7 17. Nd5 Bxd5 18. exd5 Rae8 19. Re1 Qd7 20. Nf4 Rxe1+ 21. Qxe1 Re8 22. Qd1 Bh6 23. Qf3 Qd6 24. Ne2 Qe5 25. Bf1 Nb7 26. h4 Re7 27. g4 Nd6 28. a4 Ne8 29. Rb2 Nc7 30. Bg2 Ne8 31. Ng3 Qe1+ 32. Kh2 Nd6 33. Qf6 Qe5 34. Qxe5 Rxe5 35. g5 Bg7 36. Ne4 Nxe4 37. Bxe4 c4 38. d6 c3 39. Rb4 Re6 40. d7 Rd6 41. Bc6 Be5+ 42. Kg2 Kf8 43. Kf3 Ke7 44. Ke4 Bg7 45. Rc4 f5+ 46. gxf6+ Bxf6 47. a5 Bxh4 48. axb6 axb6 49. Ra4 Bf6 50. Ra8 Re6+ 51. Kf3 Rd6 52. Re8+ Kf7 53. Re2 h5 54. Kf4 Bd8 55. Re8 Bc7 56. Kf3 g5 57. Re2 g4+ 58. Kg2 h4 59. Re4 h3+ 60. Kg1 Bd8 61. Rf4+ Ke7 62. Re4+ Kf6 63. Kh2 Bc7 64. Kg1 Kf5 65. Re2 Bd8 66. Be4+ Kg5 67. Bc6 Kh4 68. Re8 c2 69. Rh8+ Kg5 70. Rg8+ Kf6 0-1

[Event "46th GER-ch Rapid 2020"]
[Site "Plochingen"]
[Date "2020.09.20"]
[Round "8.10"]
[White "Schenderowitsch, Michael"]
[Black "Gschnitzer, Oswald"]
[Result "1/2-1/2"]
[ECO "E18"]
[WhiteElo "2346"]
[BlackElo "2373"]
[Annotator "ChessBase"]
[PlyCount "20"]
[EventDate "2020.09.19"]
[EventType "swiss"]
[EventCountry "GER"]
[SourceTitle "playchess.com"]
[Source "ChessBase"]
[SourceQuality "1"]
[TimeControl "900+10"]

1. d4 Nf6 2. c4 e6 3. Nf3 b6 4. g3 Bb7 5. Bg2 Be7 6. O-O O-O 7. Nc3 Ne4 8. Nxe4 Bxe4 9. Nh4 Bxg2 10. Nxg2 d5 1/2-1/2

[Event "46th GER-ch Rapid 2020"]
[Site "Plochingen"]
[Date "2020.09.20"]
[Round "9.1"]
[White "Neukirchner, Pascal"]
[Black "Hirneise, Jens"]
[Result "1/2-1/2"]
[ECO "A59"]
[WhiteElo "2259"]
[BlackElo "2289"]
[Annotator "ChessBase"]
[PlyCount "34"]
[EventDate "2020.09.19"]
[EventType "swiss"]
[EventCountry "GER"]
[SourceTitle "playchess.com"]
[Source "ChessBase"]
[SourceQuality "1"]
[TimeControl "900+10"]

1. d4 Nf6 2. c4 c5 3. d5 b5 4. cxb5 a6 5. bxa6 g6 6. Nc3 Bxa6 7. e4 Bxf1 8. Kxf1 d6 9. Nf3 Bg7 10. g3 O-O 11. Kg2 Qb6 12. Qe2 Qa6 13. Nb5 Ne8 14. Re1 Qb7 15. Bd2 Na6 16. Bc3 Nf6 17. Nd2 Rfb8 1/2-1/2

[Event "46th GER-ch Rapid 2020"]
[Site "Plochingen"]
[Date "2020.09.20"]
[Round "9.2"]
[White "Dobrikov, Marco"]
[Black "Rosner, Jonas"]
[Result "1/2-1/2"]
[ECO "B11"]
[WhiteElo "2332"]
[BlackElo "2433"]
[Annotator "ChessBase"]
[PlyCount "141"]
[EventDate "2020.09.19"]
[EventType "swiss"]
[EventCountry "GER"]
[SourceTitle "playchess.com"]
[Source "ChessBase"]
[SourceQuality "1"]
[TimeControl "900+10"]

1. e4 c6 2. Nc3 d5 3. Nf3 dxe4 4. Nxe4 Nf6 5. Nxf6+ exf6 6. Bc4 Bd6 7. Qe2+ Qe7 8. Qxe7+ Kxe7 9. O-O Rd8 10. Re1+ Kf8 11. d4 Na6 12. Bxa6 bxa6 13. Bd2 Be6 14. b3 g5 15. c4 Kg7 16. Bc3 Kg6 17. Nd2 Rd7 18. Ne4 Be7 19. Rad1 h5 20. Ba5 h4 21. Nc3 Bd8 22. Bxd8 Raxd8 23. Ne2 a5 24. f3 a4 25. Rd3 a5 26. Red1 axb3 27. axb3 a4 28. d5 cxd5 29. cxd5 axb3 30. Rxb3 Rxd5 31. Rxd5 Rxd5 32. Kf2 h3 33. gxh3 Bxh3 34. Rb2 Be6 35. h4 Rd3 36. hxg5 fxg5 37. Rb6 Kg7 38. Rb4 Bd5 39. Nd4 Kg6 40. Rb6+ f6 41. Rb4 Kh5 42. Ra4 Kg6 43. Rb4 Ra3 44. Rb5 Ba8 45. Rb8 Ra2+ 46. Kg3 Ra1 47. Kf2 Bd5 48. Rd8 Bc4 49. Rc8 Bd3 50. Rc3 Ba6 51. Rc6 Bb7 52. Rb6 Bc8 53. Rc6 Bh3 54. Kg3 Bd7 55. Rd6 Ra7 56. Rb6 Kf7 57. Rd6 Ke7 58. Rb6 Ra4 59. Ne2 Be6 60. Nc3 Ra3 61. Rb7+ Kf8 62. Rc7 Rb3 63. Kf2 f5 64. Ke3 Bf7 65. Kd4 g4 66. fxg4 fxg4 67. Ke3 Kg7 68. Kf4 Rb4+ 69. Kg3 Rc4 70. Rxc4 Bxc4 71. Kxg4 1/2-1/2

[Event "46th GER-ch Rapid 2020"]
[Site "Plochingen"]
[Date "2020.09.20"]
[Round "9.3"]
[White "Siebrecht, Sebastian"]
[Black "Kvetny, Mark"]
[Result "1/2-1/2"]
[ECO "A54"]
[WhiteElo "2418"]
[BlackElo "2427"]
[Annotator "ChessBase"]
[PlyCount "100"]
[EventDate "2020.09.19"]
[EventType "swiss"]
[EventCountry "GER"]
[SourceTitle "playchess.com"]
[Source "ChessBase"]
[SourceQuality "1"]
[TimeControl "900+10"]

1. d4 Nf6 2. c4 d6 3. Nc3 Nbd7 4. Nf3 e5 5. g3 c6 6. Bg2 Be7 7. O-O O-O 8. Re1 a6 9. Nh4 exd4 10. Qxd4 Nc5 11. b4 Ne6 12. Qd2 g6 13. Bb2 a5 14. a3 Ng4 15. Nf3 f5 16. e3 Ne5 17. Qe2 Bf6 18. Rad1 Qe7 19. Nd4 axb4 20. axb4 Qf7 21. f4 Nxd4 22. Rxd4 Ng4 23. Rxd6 Be7 24. c5 Bxd6 25. cxd6 Qe6 26. Qd2 Rd8 27. Nd5 Ra2 28. Ne7+ Kf7 29. Nxc8 Rxc8 30. e4 Qb3 31. Re2 fxe4 32. Bxe4 Rxb2 33. Qxb2 Qd1+ 34. Kg2 Qxd6 35. Qb3+ Kg7 36. Qc3+ Nf6 37. b5 Re8 38. bxc6 bxc6 39. Rd2 Qe6 40. Bf3 Rc8 41. Qc5 Rc7 42. Rd6 Qa2+ 43. Kh3 Qf7 44. Bxc6 Qe7 45. Qd4 h5 46. Ba4 Rc4 47. Qxc4 Qxd6 48. Bb3 Qd7+ 49. Kg2 Qd2+ 50. Kf3 Qd7 1/2-1/2

[Event "46th GER-ch Rapid 2020"]
[Site "Plochingen"]
[Date "2020.09.20"]
[Round "9.4"]
[White "Braeuning, Rudolf Wilhelm"]
[Black "Stern, Rene"]
[Result "0-1"]
[ECO "C01"]
[WhiteElo "2268"]
[BlackElo "2517"]
[Annotator "ChessBase"]
[PlyCount "94"]
[EventDate "2020.09.19"]
[EventType "swiss"]
[EventCountry "GER"]
[SourceTitle "playchess.com"]
[Source "ChessBase"]
[SourceQuality "1"]
[TimeControl "900+10"]

1. c4 e6 2. e4 d5 3. exd5 exd5 4. d4 Nf6 5. Nc3 Be7 6. Bg5 c6 7. Nf3 O-O 8. Be2 dxc4 9. Bxc4 Nbd7 10. h3 Nb6 11. Bb3 Nbd5 12. O-O Be6 13. Re1 h6 14. Bh4 Rc8 15. Ne5 Re8 16. Qf3 Nc7 17. Ng6 Bxb3 18. Nxe7+ Rxe7 19. Rxe7 Qxe7 20. axb3 a6 21. Bxf6 Qxf6 22. Qxf6 gxf6 23. Ne4 Kg7 24. Nd6 Rd8 25. Nxb7 Rxd4 26. Nc5 Rd2 27. Nxa6 Ne6 28. Rb1 Nf4 29. b4 Nd3 30. Nb8 Nxb4 31. Rc1 Rd8 32. Nxc6 Rc8 33. Rc4 Nxc6 34. b4 Na7 35. Rxc8 Nxc8 36. Kh2 Nd6 37. Kg3 f5 38. Kf4 Kf6 39. h4 Nb5 40. f3 Nc7 41. Kg3 Ke5 42. h5 f4+ 43. Kg4 f5+ 44. Kh3 Kd4 45. g4 fxg3 46. Kxg3 Ke3 47. Kg2 f4 0-1

[Event "46th GER-ch Rapid 2020"]
[Site "Plochingen"]
[Date "2020.09.20"]
[Round "9.5"]
[White "Spiess, Gunter"]
[Black "Meissner, Felix"]
[Result "1/2-1/2"]
[ECO "A41"]
[WhiteElo "2391"]
[BlackElo "2362"]
[Annotator "ChessBase"]
[PlyCount "96"]
[EventDate "2020.09.19"]
[EventType "swiss"]
[EventCountry "GER"]
[SourceTitle "playchess.com"]
[Source "ChessBase"]
[SourceQuality "1"]
[TimeControl "900+10"]

1. d4 g6 2. c4 Bg7 3. Nf3 d6 4. Nc3 Nc6 5. d5 Nb8 6. e4 e6 7. dxe6 fxe6 8. Bg5 Ne7 9. Qd2 Nbc6 10. Be2 O-O 11. O-O b6 12. Rad1 a6 13. Rfe1 Qe8 14. h3 Bb7 15. Be3 Nd8 16. Ng5 Nec6 17. h4 Nf7 18. Nf3 Rd8 19. Nd4 Qe7 20. Nxc6 Bxc6 21. g3 Bxc3 22. Qxc3 Bxe4 23. f3 Bb7 24. Bf4 e5 25. Bc1 Rde8 26. Bf1 Qf6 27. Bg2 Nd8 28. Bh6 Rf7 29. Bg5 Qf5 30. Bxd8 Rxd8 31. Rxe5 Qf6 32. Re3 Qxc3 33. Rxc3 Re8 34. Rd2 Rfe7 35. Rcc2 Re1+ 36. Kf2 Kf7 37. Re2 R8xe2+ 38. Rxe2 Rc1 39. b3 a5 40. Bh3 a4 41. Be6+ Kf8 42. bxa4 Rc3 43. Re3 Rc2+ 44. Re2 Rc1 45. f4 Rc3 46. Re3 Rc2+ 47. Re2 Rc3 48. Re3 Rc2+ 1/2-1/2

[Event "46th GER-ch Rapid 2020"]
[Site "Plochingen"]
[Date "2020.09.20"]
[Round "9.6"]
[White "Schmaltz, Roland"]
[Black "Langrock, Hannes"]
[Result "1/2-1/2"]
[ECO "B82"]
[WhiteElo "2449"]
[BlackElo "2352"]
[Annotator "ChessBase"]
[PlyCount "29"]
[EventDate "2020.09.19"]
[EventType "swiss"]
[EventCountry "GER"]
[SourceTitle "playchess.com"]
[Source "ChessBase"]
[SourceQuality "1"]
[TimeControl "900+10"]

1. e4 c5 2. Nf3 e6 3. d4 cxd4 4. Nxd4 Nf6 5. Nc3 Nc6 6. Nb3 Be7 7. Bd3 a6 8. f4 d6 9. Qf3 Qc7 10. g4 b5 11. g5 Nd7 12. Bd2 Bb7 13. h4 Nb4 14. a3 Nxd3+ 15. cxd3 1/2-1/2

[Event "46th GER-ch Rapid 2020"]
[Site "Plochingen"]
[Date "2020.09.20"]
[Round "9.7"]
[White "Milare, Tyron"]
[Black "Frischmann, Rick"]
[Result "1-0"]
[ECO "D07"]
[WhiteElo "2176"]
[BlackElo "2347"]
[Annotator "ChessBase"]
[PlyCount "137"]
[EventDate "2020.09.19"]
[EventType "swiss"]
[EventCountry "GER"]
[SourceTitle "playchess.com"]
[Source "ChessBase"]
[SourceQuality "1"]
[TimeControl "900+10"]

1. d4 d5 2. Nf3 Nc6 3. c4 Bg4 4. Nc3 e6 5. Bg5 Be7 6. Bxe7 Ngxe7 7. e3 O-O 8. h3 Bh5 9. Be2 Qd6 10. cxd5 exd5 11. O-O Nd8 12. Ne5 Bxe2 13. Qxe2 c6 14. Rab1 Ne6 15. b4 a6 16. a4 Rfe8 17. Qf3 f6 18. Nd3 Rac8 19. Rfc1 Rc7 20. Nc5 Ng5 21. Qf4 Qxf4 22. exf4 Nf7 23. Re1 Ra8 24. Ne6 Rd7 25. Nc5 Rc7 26. g4 Nd6 27. b5 axb5 28. axb5 Kf7 29. b6 Rcc8 30. Re6 Rd8 31. Rxd6 Rxd6 32. Nxb7 Nc8 33. Nxd6+ Nxd6 34. Ne2 Rb8 35. Nc3 Ke7 36. Na4 Nb7 37. Nc5 Kd6 38. Na6 Re8 39. Kg2 Re4 40. Nc5 Re7 41. Kf3 g6 42. h4 h6 43. h5 g5 44. fxg5 fxg5 45. Kg3 Rf7 46. Rb2 Re7 47. Nxb7+ Rxb7 48. f4 gxf4+ 49. Kxf4 c5 50. dxc5+ Kxc5 51. Ke5 Re7+ 52. Kf6 Rb7 53. g5 hxg5 54. Kxg5 d4 55. Kf4 Kc4 56. Rc2+ Kd5 57. Rb2 Kc4 58. h6 Kc3 59. h7 Rxh7 60. b7 Rf7+ 61. Ke4 Re7+ 62. Kf3 Rf7+ 63. Kg2 Rg7+ 64. Kf1 Rf7+ 65. Ke1 Re7+ 66. Kd1 Rh7 67. b8=Q Rh1+ 68. Ke2 Rh2+ 69. Qxh2 1-0

[Event "46th GER-ch Rapid 2020"]
[Site "Plochingen"]
[Date "2020.09.20"]
[Round "9.8"]
[White "Kopylov, Michael"]
[Black "Muranyi, Karl-Jasmin"]
[Result "1-0"]
[ECO "A56"]
[WhiteElo "2408"]
[BlackElo "2331"]
[Annotator "ChessBase"]
[PlyCount "69"]
[EventDate "2020.09.19"]
[EventType "swiss"]
[EventCountry "GER"]
[SourceTitle "playchess.com"]
[Source "ChessBase"]
[SourceQuality "1"]
[TimeControl "900+10"]

1. d4 Nf6 2. c4 c5 3. d5 e5 4. Nc3 d6 5. e4 Be7 6. Nf3 Nbd7 7. Bd3 Nf8 8. O-O Ng6 9. Re1 O-O 10. Rb1 a5 11. a3 Bg4 12. h3 Bd7 13. b4 axb4 14. axb4 b6 15. Kh2 h6 16. Bd2 Nh7 17. Qe2 Ng5 18. bxc5 Nxf3+ 19. Qxf3 bxc5 20. Nb5 Ra2 21. Re2 Bxb5 22. cxb5 Ra3 23. Bc1 Ra4 24. b6 Bg5 25. Bxg5 Qxg5 26. Bb5 Rd4 27. b7 Rb8 28. Bc6 Qd8 29. Ra2 Ne7 30. Ra8 Nxc6 31. dxc6 Rxa8 32. bxa8=Q Qxa8 33. c7 Rb4 34. Rxb4 cxb4 35. Qf5 1-0

[Event "46th GER-ch Rapid 2020"]
[Site "Plochingen"]
[Date "2020.09.20"]
[Round "9.9"]
[White "Gschnitzer, Oswald"]
[Black "Wendler, David"]
[Result "1-0"]
[ECO "A30"]
[WhiteElo "2373"]
[BlackElo "2249"]
[Annotator "ChessBase"]
[PlyCount "61"]
[EventDate "2020.09.19"]
[EventType "swiss"]
[EventCountry "GER"]
[SourceTitle "playchess.com"]
[Source "ChessBase"]
[SourceQuality "1"]
[TimeControl "900+10"]

1. Nf3 c5 2. b3 Nf6 3. Bb2 Nc6 4. e3 g6 5. c4 Bg7 6. Be2 O-O 7. O-O b6 8. d4 cxd4 9. exd4 d5 10. Nc3 Bb7 11. Re1 Rc8 12. Ne5 dxc4 13. Nxc6 Bxc6 14. bxc4 e6 15. Qb3 Qd7 16. Rad1 Rfd8 17. Rd2 Qb7 18. Bf1 Qa8 19. Red1 Ne4 20. Nxe4 Bxe4 21. Ba3 Bh6 22. Re2 Bg7 23. f3 Bb7 24. Red2 Qb8 25. d5 exd5 26. cxd5 Rc3 27. Qa4 Qe5 28. Bb2 Qe3+ 29. Kh1 Rc5 30. Bxg7 Kxg7 31. d6 1-0

[Event "46th GER-ch Rapid 2020"]
[Site "Plochingen"]
[Date "2020.09.20"]
[Round "9.10"]
[White "Petkidis, Anthony"]
[Black "Richter, Christian"]
[Result "1/2-1/2"]
[ECO "C92"]
[WhiteElo "2406"]
[BlackElo "2348"]
[Annotator "ChessBase"]
[PlyCount "24"]
[EventDate "2020.09.19"]
[EventType "swiss"]
[EventCountry "GER"]
[SourceTitle "playchess.com"]
[Source "ChessBase"]
[SourceQuality "1"]
[TimeControl "900+10"]

1. e4 e5 2. Nf3 Nc6 3. Bb5 a6 4. Ba4 Nf6 5. O-O b5 6. Bb3 Be7 7. Re1 d6 8. c3 O-O 9. h3 Re8 10. Ng5 Rf8 11. Nf3 Re8 12. Ng5 Rf8 1/2-1/2